 Dungeon Crawl Stone Soup version 0.26-a0-800-g517d6fe721 (webtiles) character file.

Game seed: 4519386538608672069

3715 robertstho the Grappler (level 10, -10/84 HPs)
             Began as a Ghoul Fighter on Nov 11, 2020.
             Was an Initiate of Gozag.
             Mangled by a two-headed ogre
             ... wielding a +0 giant spiked club
              (13 damage)
             ... on level 8 of the Dungeon.
             The game lasted 00:10:37 (7700 turns).

robertstho the Grappler (Ghoul Fighter)             Turns: 7700, Time: 00:10:37

Health: -10/84     AC: 22    Str: 22    XL:     10   Next: 14%
Magic:  9/9        EV:  4    Int:  3    God:    Gozag
Gold:   1157       SH: 10    Dex:  9    Spells: 9/9 levels left

rFire    . . .     SeeInvis .     - Unarmed
rCold    + . .     Faith    .   b - +0 kite shield
rNeg     + + +     Spirit   .   c - +0 plate armour
rPois    ∞         Reflect  .   A - +0 helmet
rElec    .         Harm     .   F - +2 ratskin cloak {*Rats rPois rN+ Str-1 Int-1 Dex+1}
rCorr    +         Rampage  .   (no gloves)
MR       .....                  z - +0 pair of boots
Stlth    ..........             (no amulet)
HPRegen  0.00/turn              a - ring of resist corrosion
MPRegen  0.11/turn              p - +4 ring of protection

@: no status effects
A: rotting body, claws 1, cold resistance 1, negative energy resistance 3,
inhibited regeneration, torment resistance, unbreathing
a: Potion Petition, Call Merchant, Bribe Branch, Renounce Religion


You were on level 8 of the Dungeon.
You worshipped Gozag.
Gozag was most pleased with you.
You visited 2 branches of the dungeon, and saw 9 of its levels.

You collected 1230 gold pieces.
You paid 73 gold pieces to Gozag.

Inventory:

Hand Weapons
 B - a +1 spear of freezing
Armour
 b - a +0 kite shield (worn)
 c - a +0 plate armour (worn)
 z - a +0 pair of boots (worn)
 A - a +0 helmet (worn)
 F - the +2 ratskin cloak (worn) {*Rats rPois rN+ Str-1 Int-1 Dex+1}
   (You found it on level 6 of the Dungeon)

   It affects your strength (-1).
   It affects your intelligence (-1).
   It affects your dexterity (+1).
   It protects you from poison.
   It protects you from negative energy.
 I - a +1 chain mail of magic resistance
Jewellery
 a - a ring of resist corrosion (left claw)
 p - a +4 ring of protection (right claw)
 w - an uncursed ring of protection from magic
Wands
 u - a wand of disintegration (17)
 D - a wand of flame (10)
 H - a wand of polymorph (11)
Scrolls
 e - 7 scrolls of amnesia {unknown}
 g - 5 scrolls of teleportation {unknown}
 i - a scroll of immolation {unknown}
 j - 9 scrolls of identify {unknown}
 k - 3 scrolls of enchant weapon {unknown}
 n - a scroll of fog {unknown}
 s - 3 scrolls of fear {unknown}
 t - 5 scrolls of remove curse
 y - 3 scrolls of magic mapping {unknown}
 E - a scroll of enchant armour {unknown}
 G - a scroll of silence {unknown}
Potions
 d - a potion of curing {unknown}
 f - 2 potions of cancellation
 h - a potion of resistance
 l - 3 potions of lignification {unknown}
 m - 2 potions of ambrosia {unknown}
 o - 3 potions of attraction {unknown}
 q - a potion of heal wounds {unknown}
 r - a potion of haste {unknown}
 v - 2 potions of magic {unknown}
 x - a potion of might
 C - a potion of degeneration {unknown}


   Skills:
 * Level 6.4 Fighting
 + Level 5.1 Armour
 + Level 0.4 Dodging
 + Level 0.4 Stealth
 + Level 5.2 Shields
 * Level 12.2 Unarmed Combat


You had 9 spell levels left.
You didn't know any spells.
Your spell library contained the following spells:

 Spells                   Type           Power        Failure   Level
 Animate Skeleton         Necr           #.....       100%        1
 Apportation              Tloc           #.....       100%        1
 Corona                   Hex            #......      100%        1
 Summon Small Mammal      Summ           #...         100%        1


Dungeon Overview and Level Annotations

Branches:
Dungeon (8/15)             Temple (1/1) D:4            Lair (0/6) D:8

Altars:
Ashenzari
Cheibriados
Dithmenos
Elyvilon
Fedhas
Gozag
Hepliaklqana
Makhleb
Nemelex Xobeh
Okawaru
Qazlal
Ru
Sif Muna
Trog
Vehumet
Xom
Yredelemnul
Zin

Annotations:
D:5 2 transporters, Zenkrye's ghost, amateur FoAK
D:6 exclusion: oklob plant
D:7 2 runed translucent doors, gaul's ghost, novice MiBe


Innate Abilities, Weirdness & Mutations

Your body is rotting away.
You thrive by killing the living.
You are immune to poison.
You have sharp fingernails.
Your flesh is cold resistant. (rC+)
You are immune to negative energy. (rN+++)
You do not regenerate when monsters are visible.
You are immune to unholy pain and torment.
You can survive without breathing.


Message History

You scratch the two-headed ogre but do no damage.
The two-headed ogre is severely wounded.
The two-headed ogre hits you with a +0 giant spiked club!!
The two-headed ogre hits you but does no damage.
You are too injured to fight recklessly!
You are too injured to fight recklessly!
You are too injured to fight recklessly!
You scratch the two-headed ogre.
The two-headed ogre is severely wounded.
You barely miss the two-headed ogre.
The two-headed ogre is severely wounded.
The two-headed ogre hits you with a +0 giant spiked club!!
* * * LOW HITPOINT WARNING * * *
A river rat scurries out from under your cloak.
The two-headed ogre hits you but does no damage.
Your river rat barely misses the two-headed ogre.
It was a potion of cancellation.
You feel magically purged.
The two-headed ogre hits you with a +0 giant spiked club!
You die...
Your body crumbles into a pile of gold.

#................
#................
#.##.........#... #
#........###..
##.........##.. ##
#####...........##. ...
#...............##. ....
###................ ...o.
#.@..............#.
......##O...#...........##
..(.....r...#..........##.
............>.........>##.
.......................##.
##..........#..........#..
##.##.^...(..............
... ###.####.... ##...
.##. <.# .. .... ####


You could see a two-headed ogre and a friendly river rat.

Vanquished Creatures
  Joseph (D:7)
  Maggie (D:7)
  Grinder (D:5)
  Sigmund (D:2)
  Duvessa (D:7)
  An ice beast (D:8)
  An orc warrior (D:6)
  A phantom (D:7)
  A necrophage (D:5)
  2 centaurs (D:8)
  An ogre (D:7)
  3 bullfrogs
  Dowan (D:7)
  A water moccasin zombie (D:5)
  A water moccasin skeleton (D:6)
  6 wights (D:7)
  A howler monkey (D:7)
  A centaur zombie (D:7)
  4 jellies
  7 orc priests
  A hound (D:6)
  Terence (D:2)
  A centaur skeleton (D:4)
  7 orc wizards
  Natasha (twice) (D:2)
  5 iguanas
  3 hell rats (D:6)
  5 worker ants
  2 hound skeletons (D:4)
  A worker ant zombie (D:5)
  3 gnolls (D:6)
  9 adders
  5 river rats (D:6)
  A shadow imp (D:5)
  A white imp (D:7)
  2 ufetubi
  11 oozes
  2 adder skeletons
  2 worms
  2 dart slugs (D:4)
  5 leopard geckos
  22 orcs
  8 giant cockroaches
  6 goblins
  11 hobgoblins
  11 jackals
  20 kobolds
  3 quokkas
  A ball python (D:1)
  5 bats
  4 frilled lizards
  24 rats
  A bush (D:8)
224 creatures vanquished.

Vanquished Creatures (collateral kills)
  A worker ant (D:7)
1 creature vanquished.

Vanquished Creatures (others)
  4 fungi (D:2)
  4 toadstools (D:2)
8 creatures vanquished.

Grand Total: 233 creatures vanquished

Notes
Turn   | Place    | Note
-------+----------+-------------------------------------------
     0 | D:1      | robertstho the Ghoul Fighter began the quest for the Orb.
     0 | D:1      | Reached XP level 1. HP: 19/19 MP: 0/0
   192 | D:1      | Reached XP level 2. HP: 26/26 MP: 1/1
   425 | D:1      | Reached XP level 3. HP: 31/31 MP: 2/2
   841 | D:2      | Reached skill level 3 in Unarmed Combat
   878 | D:2      | Noticed Terence
   889 | D:2      | Killed Terence
   889 | D:2      | Reached XP level 4. HP: 38/40 MP: 3/3
  1358 | D:2      | Noticed Sigmund
  1381 | D:2      | Killed Sigmund
  1381 | D:2      | Reached skill level 5 in Unarmed Combat
  1381 | D:2      | Reached XP level 5. HP: 34/46 MP: 4/4
  1381 | D:2      | Reached XP level 6. HP: 38/52 MP: 5/5
  1492 | D:2      | Noticed Natasha
  1501 | D:2      | Killed Natasha
  1695 | D:2      | Reached skill level 6 in Unarmed Combat
  1699 | D:2      | Reached XP level 7. HP: 60/60 MP: 6/6
  1802 | D:2      | Noticed Natasha
  1809 | D:2      | Killed Natasha
  2721 | D:4      | Found a sacrificial altar of Ru.
  3309 | D:4      | Reached skill level 5 in Fighting
  3423 | D:4      | Found a staircase to the Ecumenical Temple.
  3760 | Temple   | Entered the Ecumenical Temple
  3967 | Temple   | Became a worshipper of Gozag Ym Sagoz the Greedy
  4057 | D:5      | Entered Level 5 of the Dungeon
  4060 | D:5      | Found a glowing silver altar of Zin.
  4095 | D:5      | Found a transporter.
  4095 | D:5      | Noticed Zenkrye's ghost (amateur FoAK)
  4096 | D:5      | Found a transporter.
  4130 | D:5      | Reached skill level 7 in Unarmed Combat
  4136 | D:5      | Reached XP level 8. HP: 68/68 MP: 7/7
  4304 | D:5      | Found a sparkling altar of Nemelex Xobeh.
  4537 | D:5      | Noticed Grinder
  4543 | D:5      | Paralysed by Grinder for 7 turns
  4570 | D:5      | Killed Grinder
  4570 | D:5      | Reached skill level 8 in Unarmed Combat
  5342 | D:6      | Reached skill level 9 in Unarmed Combat
  5546 | D:6      | Found a blossoming altar of Fedhas.
  5566 | D:6      | Noticed an oklob plant
  5650 | D:6      | Reached XP level 9. HP: 75/75 MP: 8/8
  5843 | D:6      | Found the +2 ratskin cloak {*Rats rPois rN+ Str-1 Int-1
                  | Dex+1}
  5874 | D:6      | Reached skill level 10 in Unarmed Combat
  5990 | D:6      | Noticed an angel
  5991 | D:6      | Found a glowing silver altar of Zin.
  6253 | D:7      | Noticed Maggie
  6268 | D:7      | Killed Maggie
  6411 | D:7      | Noticed Joseph
  6431 | D:7      | Killed Joseph
  6509 | D:7      | Reached skill level 11 in Unarmed Combat
  6597 | D:7      | Found a large runed translucent door.
  6597 | D:7      | Found a large runed translucent door.
  6599 | D:7      | Noticed gaul's ghost (novice MiBe)
  6813 | D:7      | Noticed Duvessa
  6813 | D:7      | Noticed Dowan
  6822 | D:7      | Killed Duvessa
  6822 | D:7      | Reached skill level 5 in Shields
  6826 | D:7      | Killed Dowan
  7009 | D:7      | Reached skill level 5 in Armour
  7043 | D:7      | Reached XP level 10. HP: 82/84 MP: 9/9
  7321 | D:7      | Found a stormy altar of Qazlal.
  7333 | D:7      | Reached skill level 12 in Unarmed Combat
  7680 | D:8      | Found a staircase to the Lair.
  7685 | D:8      | Noticed a two-headed ogre
  7697 | D:8      | HP: 3/84 [two-headed ogre/+0 giant spiked club (27)]
  7700 | D:8      | Mangled by a two-headed ogre

Illustrated notes

Levels and vault maps discovered:
D:1:      eino_arrival_water_star, layout_rooms, kennysheep_another_room,
          minivault_25, minmay_tromino_v4_c
D:2:      cheibrodos_fertilizer, layout_basic, minivault_26, uniq_terence,
          uniq_natasha, uniq_sigmund
D:3:      layout_loops_corners
D:4:      layout_basic, lemuel_doored_altar, temple_hall,
          serial_co_window_serial, co_window_paths_a, co_window_paths_a,
          co_window_corner_a, co_window_cross_1, co_window_corner_a,
          co_window_corner_a, co_window_paths_b, co_window_broadway_a,
          co_window_of_opportunity_b, co_window_corner_b, co_window_cross_4,
          co_window_2corner, co_window_paths_c, glass_columns_b,
          glass_columns_a, glass_columns_b, glass_columns_b,
          minmay_a_box_with_orc_wizards_in_it
D:5:      layout_basic, lemuel_round_altar, gammafunk_ghost_smash, basic_altar,
          uniq_grinder
D:6:      wander_guarded_unrand_ratskin, layout_rooms, zin_angel, tgw_fedhas,
          portal_sewer_entry_e
D:7:      kb_forest_paths, layout_basic, grunt_qazlal_clouds,
          ebering_ghost_disaster_area, uniq_duvessa, uniq_maggie, uniq_joseph
D:8:      layout_cave_pools, nicolae_overflow_crystal_walls,
          gammafunk_temple_overflow_elements, lair_entry_dummy, serial_shops,
          nicolae_shop_trees, kb_lookout_dungeons_type, uniq_prince_ribbit1
Temple:   nicolae_temple_figure_eight

Skill      XL: |  1  2  3  4  5  6  7  8  9 10 |
---------------+-------------------------------+-----
Shields        | 3 4 5 |  5.2
Armour         | 3 4 5 |  5.1
Unarmed Combat | 3 5 6 7 9 11 12 | 12.2
Fighting       | 4 5 6 |  6.4
Dodging        | |  0.4
Stealth        | |  0.4

Action                   |  1- 3 |  4- 6 |  7- 9 | 10-12 || total
-------------------------+-------+-------+-------+-------++-------
Melee: Unarmed           |   107 |   126 |   505 |    89 ||   827
  Use: Potion            |       |     2 |     1 |     1 ||     4
       Scroll            |       |     2 |       |       ||     2
 Stab: Distracted        |       |       |     1 |     1 ||     2
Armor: Scale mail        |     5 |       |       |       ||     5
       Chain mail        |    47 |    19 |       |       ||    66
       Plate armour      |       |    55 |   223 |    52 ||   330
Dodge: Dodged            |    24 |    17 |    47 |    11 ||    99
Block: Kite shield       |    61 |    58 |   198 |    34 ||   351

Table legend: (Time is in decaauts)
 A = Elapsed time spent in this place.
 B = Non-inter-level travel time spent in this place.
 C = Inter-level travel time spent in this place.
 D = Time resting spent in this place.
 E = Time spent auto-exploring this place.
 F = Levels seen in this place.
 G = Mean time per level.
                   A        B        C        D        E       F      G
               +--------+--------+--------+--------+--------+-----+--------+
         Total |   7651 |   7078 |    573 |      0 |   5666 |   9 |  850.1 |
       Dungeon |   7423 |   6893 |    530 |      0 |   5485 |   8 |  927.9 |
        Temple |    227 |    185 |     42 |      0 |    181 |   1 |  227.0 |
               +--------+--------+--------+--------+--------+-----+--------+

Top non-repeatable levels by time:
     D:4: 1254 daAuts
     D:7: 1165 daAuts
     D:2: 1154 daAuts
     D:6: 1116 daAuts
     D:5: 948 daAuts
     D:3: 857 daAuts
     D:1: 675 daAuts
     D:8: 250 daAuts
  Temple: 227 daAuts
